 Dungeon Crawl Stone Soup version 0.22-a0-247-gbddf880 (webtiles) character file.

29 wolfsongas the Covered (level 3, -2/31 HPs)
             Began as a Gnoll Wanderer on Feb 23, 2018.
             Slain by a gnoll
             ... wielding a +0 spear
              (7 damage)
             ... on level 1 of the Dungeon.
             The game lasted 00:01:18 (313 turns).

wolfsongas the Covered (Gnoll Wanderer)              Turns: 313, Time: 00:01:19

Health: -2/31      AC:  6    Str: 14    XL:     3   Next: 16%
Magic:  7/7        EV: 10    Int: 14    God:
Gold:   0          SH:  0    Dex: 15    Spells: 7/7 levels left

rFire    . . .     SeeInvis .   b - +0 hand axe
rCold    . . .     Gourm    .   (no shield)
rNeg     . . .     Faith    .   c - +0 ring mail
rPois    .         Spirit   .   (no helmet)
rElec    .         Reflect  .   (no cloak)
rCorr    .         Harm     .   (no gloves)
MR       .....                  (no boots)
Stlth    +.........             (no amulet)
HPRegen  0.10/turn              (no ring)
MPRegen  0.10/turn              (no ring)

@: no status effects
A: distributed training, fangs 1, strong nose
a: no special abilities


You were on level 1 of the Dungeon.
You were not hungry.

You visited 1 branch of the dungeon, and saw 1 of its levels.

Inventory:

Hand Weapons
 b - a +0 hand axe (weapon)
Armour
 c - a +0 ring mail (worn)
Comestibles
 a - a ration
 d - 13 chunks of flesh


   Skills:
 + Level 4.5 Fighting
 + Level 0.6 Short Blades
 + Level 0.6 Long Blades
 + Level 0.6 Axes
 + Level 0.6 Maces & Flails
 + Level 0.6 Polearms
 + Level 0.6 Staves
 + Level 0.6 Slings
 + Level 2.5 Bows
 + Level 0.6 Crossbows
 + Level 0.6 Throwing
 + Level 4.5 Armour
 + Level 0.6 Dodging
 + Level 0.6 Stealth
 + Level 2.5 Shields
 + Level 0.6 Unarmed Combat
 + Level 2.8 Spellcasting
 + Level 0.4 Conjurations
 + Level 0.4 Hexes
 + Level 0.4 Charms
 + Level 0.4 Summonings
 + Level 3.7 Necromancy
 + Level 0.4 Translocations
 + Level 0.4 Transmutations
 + Level 0.4 Fire Magic
 + Level 0.4 Ice Magic
 + Level 0.4 Air Magic
 + Level 0.4 Earth Magic
 + Level 0.4 Poison Magic
 + Level 0.8 Invocations
 + Level 2.5 Evocations


You had 7 spell levels left.
You didn't know any spells.

Dungeon Overview and Level Annotations

Branches:
Dungeon (1/15)

Altars:


Innate Abilities, Weirdness & Mutations

Your experience applies equally to all skills.
You have very sharp teeth.
Your uncanny sense of smell can sniff out nearby items.


Message History

A kobold comes into view. It is wielding a short sword.
A hobgoblin comes into view. It is wielding a club.
The kobold shouts!
The hobgoblin shouts!
Found 8 gold pieces.
A frilled lizard comes into view.
The frilled lizard hisses angrily.
The gnoll closely misses you.
You barely miss the gnoll. You closely miss the kobold.
The gnoll hits you with a spear.
* * * LOW HITPOINT WARNING * * *
The kobold hits you with a short sword.
* * * LOW HITPOINT WARNING * * *
The gnoll barely misses you.
Some of the chunks of flesh in your inventory have rotted away.
You hit the gnoll.
The gnoll is moderately wounded.
You barely miss the hobgoblin. You miss the kobold.
The kobold barely misses you. The hobgoblin closely misses you.
The gnoll hits you with a spear!
You die...

#............# #.#
#.#...#.#.#
#.####....#### #.#
#.###.#.#.# #.# ####...#
#.# #.#...#(#.#
##.#########..## #.#
#.#.#####.#
...........##...###.#
.#.......# ####....###
##...#.#############
#....#########..........
#....##........#########
#....##.....g@.#
#....##.....gK.#
#.(..##......l...
+....+............#
#....##...........#
#..$........#
#...........#
#...........#


You could see a gnoll, a hobgoblin, a kobold and a frilled lizard.

Vanquished Creatures
  A ball python (D:1)
  A giant cockroach (D:1)
  4 goblins (D:1)
  3 hobgoblins (D:1)
  9 jackals (D:1)
  3 kobolds (D:1)
  A bat (D:1)
  A rat (D:1)
23 creatures vanquished.

Notes
Turn   | Place    | Note
-------+----------+-------------------------------------------
     0 | D:1      | wolfsongas the Gnoll Wanderer began the quest for the Orb.
     0 | D:1      | wolfsongas set off with: a ration, a +0 hand axe, a +0 ring mail
     0 | D:1      | Reached XP level 1. HP: 20/20 MP: 4/4
    73 | D:1      | Reached XP level 2. HP: 24/26 MP: 5/5
   220 | D:1      | Reached XP level 3. HP: 15/31 MP: 7/7
   313 | D:1      | Slain by a gnoll

Vault maps used:
D:1:      onia_arrival_mini_maze

Action                   || total
-------------------------++-------
Melee: Hand axe          ||    68
       Bite              ||     6
Armor: Ring mail         ||    38
Dodge: Dodged            ||    53

Table legend:
 A = Spawn XP
 B = Non-spawn XP
 C = Spawn XP percentage of total XP
 D = Spawn monster count
 E = Non-spawn monster count
 F = Spawn count percentage of total count
 G = Total turns spent on level
                    A         B        C        D         E        F      G
               +---------+---------+-------+---------+---------+-------+---------
         Total |       0 |      42 |   0.0 |       0 |      23 |   0.0 |   313
               +---------+---------+-------+---------+---------+-------+---------
           D:1 |       0 |      42 |   0.0 |       0 |      23 |   0.0 |   313
               +---------+---------+-------+---------+---------+-------+---------
